 Dungeon Crawl Stone Soup version 0.28.0-53-g5a82cb258f (webtiles) character file.

Game seed: 9181785715418560481

767 kudzoo the Magician (level 8, -4/54 HPs)
             Began as a Djinni Hedge Wizard on July 30, 2022.
             Slain by Edmund
             ... wielding a +1 flail of protection
              (8 damage)
             ... on level 6 of the Dungeon.
             The game lasted 01:20:11 (5682 turns).

kudzoo the Magician (Djinni Hedge Wizard)           Turns: 5682, Time: 01:20:11

Health: -4/54      AC:  4    Str:  9    XL:     8   Next: 9%
Gold:   140        EV: 12    Int: 19    God:
                   SH:  0    Dex: 12

rFire   + + .      SeeInvis .   a - +0 dagger
rCold   x . .      Faith    .   (no shield)
rNeg    . . .      Spirit   .   p - +0 leather armour
rPois   ∞          Reflect  .   c - +0 hat
rElec   .          Harm     .   (no cloak)
rCorr   .          Rampage  .   z - +0 pair of gloves
Will    .....                   (boots unavailable)
Stlth   ++........              (no amulet)
HPRegen 0.18/turn               w - +4 ring of slaying
MPRegen 0.00/turn               x - ring of wizardry

@: flying
A: sickness immunity, fire resistance 2, cold vulnerability 1, float, innate
caster, HP casting, extra vitality 1
a: no special abilities


You were on level 6 of the Dungeon.
You visited 1 branch of the dungeon, and saw 6 of its levels.

You collected 140 gold pieces.

Inventory:

Hand Weapons
 a - a +0 dagger (weapon)
 f - a +0 spear
 l - a +0 long sword
 o - a +0 hunting sling
 C - a +0 vorpal hand axe
Missiles
 d - 14 stones
 j - 59 arrows
 m - 25 bolts
 q - 2 javelins
 y - 3 boomerangs
Armour
 b - a +0 robe
 c - a +0 hat (worn)
 h - a +0 ring mail
 p - a +0 leather armour (worn)
 z - a +0 pair of gloves (worn)
Jewellery
 w - a +4 ring of slaying (left hand)
 x - a ring of wizardry (right hand)
Scrolls
 e - 3 scrolls of noise {unknown}
 i - 2 scrolls of enchant armour {unknown}
 k - 3 scrolls of fear {unknown}
 r - 2 scrolls of amnesia {unknown}
 s - 2 scrolls of identify {unknown}
 t - 2 scrolls of magic mapping {unknown}
 B - a scroll of teleportation {unknown}
Potions
 g - 2 potions of mutation {unknown}
 n - 3 potions of might {unknown}
 u - a potion of magic {unknown}
 v - 3 potions of resistance {unknown}
 A - 2 potions of curing {unknown}
 D - a potion of heal wounds


   Skills:
 + Level 2.0 Fighting
 + Level 1.9 Short Blades
 + Level 2.6 Armour
 + Level 3.5 Dodging
 + Level 3.2 Stealth
 + Level 5.0 Spellcasting


You couldn't memorise any spells.
You knew the following spells:

 Your Spells              Type           Power      Damage    Failure   Level
a - Magic Dart            Conj           92%        1d7       1%          1
b - Blink                 Tloc           46%        N/A       1%          2
c - Call Imp              Summ           23%        N/A       1%          2
d - Slow                  Hex            92%        N/A       1%          1
e - Conjure Flame         Conj/Fire      23%        6-21      2%          3
f - Mephitic Cloud        Conj/Pois/Air  23%        N/A       2%          3
g - Freeze                Ice            92%        1d10      1%          1
h - Searing Ray           Conj           46%        2d6       1%          2
i - Scorch                Fire           46%        2d7       1%          2
Your spell library was empty.

Dungeon Overview and Level Annotations

Branches:
Dungeon (6/15)
 Temple: D:4-7

Altars:
Dithmenos
Elyvilon

Shops:
D:1 *   D:2 =   D:5 ?

Annotations:
D:3 Grinder
D:5 Pikel
D:6 Edmund


Innate Abilities, Weirdness & Mutations

You are immune to sickness and miasma.
You are immune to poison.
Your flesh is very heat resistant. (rF++)
You are vulnerable to cold. (rC-)
You float through the air rather than walking.
You learn spells naturally, not from books.
Your magical power is your life essence.
You have superior vitality. (+4 MHP)


Message History

Press: ? - help, Shift-Dir - straight line, f/p - Edmund
Aim: Edmund, wielding a +1 flail of protection and wearing a +2 chain mail of poison resistance (chance to affect: 62%) Edmund seems to slow down.
Edmund closely misses you.
Casting: Slow (safe; 1% risk of failure)
Confirm with . or Enter, or press ? or * to list all spells.
Flames lash Edmund.
Edmund is moderately wounded.
Edmund's fire resistance burns away.
Casting: Scorch (safe; 1% risk of failure)
Confirm with . or Enter, or press ? or * to list all spells.
Flames lash Edmund.
Edmund is burned terribly!
Edmund is heavily wounded.
Casting: Scorch (safe; 1% risk of failure)
Confirm with . or Enter, or press ? or * to list all spells.
Flames lash Edmund.
Edmund is burned terribly!
Edmund is heavily wounded.
Edmund hits you with a +1 flail of protection.
Casting: Scorch (safe; 1% risk of failure)
Confirm with . or Enter, or press ? or * to list all spells.
Flames lash Edmund but do no damage.
Edmund closely misses you.
Casting: Scorch (safe; 1% risk of failure)
Confirm with . or Enter, or press ? or * to list all spells.
Flames lash Edmund.
Edmund is burned terribly!
Edmund is severely wounded.
Edmund hits you with a +1 flail of protection.
Casting: Scorch (safe; 1% risk of failure)
Confirm with . or Enter, or press ? or * to list all spells.
Flames lash Edmund.
Edmund is burned terribly!
Edmund is almost dead.
Casting: Scorch (safe; 1% risk of failure)
Confirm with . or Enter, or press ? or * to list all spells.
Flames lash Edmund but do no damage.
Edmund hits you with a +1 flail of protection!
* * * LOW HITPOINT WARNING * * *
Casting: Scorch (safe; 1% risk of failure)
Confirm with . or Enter, or press ? or * to list all spells.
Flames lash Edmund but do no damage.
* * * LOW HITPOINT WARNING * * *
Edmund hits you with a +1 flail of protection!
You die...

######....... # ..#.........
#.#####.#.#.......
#.#...#.#.#.......
..........+....... #.#
.#...#.#.#....... #.#
#...#.#.########+# #.####
#..<..#.#### #.# #.#..#
###@.......# #.## #.#..#
+.@......#####..## #.#..#
#........##....... #.#..#
#........##.#...|.
#####.#..#####........##.......
#....>...................#.⌠.⌠.
#.###.#.##.....................
#.# #.#....###........##.#.....
#.# #.########.............._..


You could see Edmund (slow, combustible).

Vanquished Creatures
  Menkaure (D:6)
  An ice beast (D:6)
  A scorpion (D:6)
  A centaur zombie (D:6)
  A hound (D:4)
  3 orc priests (D:4)
  2 scorpion zombies (D:5)
  An iguana (D:5)
  5 orc wizards
  A killer bee zombie (D:6)
  5 adders
  A white imp (D:4)
  A dart slug (D:1)
  15 orcs
  2 bats (D:1)
  5 endoplasms
  2 giant cockroaches (D:2)
  4 goblins
  A hobgoblin (D:4)
  7 jackals (D:3)
  4 quokkas
  6 ball pythons
  5 frilled lizards
  A kobold (D:1)
  3 rats
79 creatures vanquished.

Notes
Turn   | Place    | Note
-------+----------+-------------------------------------------
     0 | D:1      | kudzoo the Djinni Hedge Wizard began the quest for the Orb.
     0 | D:1      | Reached XP level 1. HP: 15/15 MP: 0/0
   116 | D:1      | Reached XP level 2. HP: 20/21 MP: 0/0
   548 | D:1      | Found Agiod's General Store.
   770 | D:2      | Reached XP level 3. HP: 20/25 MP: 0/0
   770 | D:2      | Learned a level 1 spell: Freeze
  1074 | D:2      | Reached skill level 3 in Spellcasting
  1501 | D:2      | Found Kycvoen's Jewellery Shoppe.
  2134 | D:2      | Reached XP level 4. HP: 26/31 MP: 0/0
  2165 | D:3      | Found a shadowy altar of Dithmenos.
  2480 | D:3      | Noticed Grinder
  2519 | D:5      | Entered Level 5 of the Dungeon
  2533 | D:5      | Reached skill level 1 in Short Blades
  2533 | D:5      | Reached XP level 5. HP: 30/36 MP: 0/0
  2533 | D:5      | Learned a level 2 spell: Searing Ray
  2961 | D:4      | Reached skill level 1 in Fighting
  2961 | D:4      | Reached XP level 6. HP: 26/42 MP: 0/0
  3731 | D:5      | Noticed Pikel
  3892 | D:4      | Reached skill level 4 in Spellcasting
  4435 | D:5      | Noticed a sky beast
  4838 | D:5      | Found Laityruz's Magic Scroll Shop.
  4916 | D:6      | Reached skill level 1 in Armour
  4916 | D:6      | Reached XP level 7. HP: 38/47 MP: 0/0
  4916 | D:6      | Learned a level 2 spell: Scorch
  5107 | D:6      | Noticed Menkaure
  5113 | D:6      | Killed Menkaure
  5315 | D:6      | Found a white marble altar of Elyvilon.
  5362 | D:6      | Reached XP level 8. HP: 34/54 MP: 0/0
  5594 | D:6      | Reached skill level 5 in Spellcasting
  5594 | D:6      | Noticed Edmund
  5682 | D:6      | Slain by Edmund

Illustrated notes

Levels and vault maps discovered:
D:1:      tarquinn_simple_flora_water_e, layout_basic, serial_shops,
          nicolae_shop_crystal, lemuel_old_faithful
D:2:      layout_loops_ring, serial_shops, nicolae_shop_waterfront,
          chequers_serial_rivers_micro_d
D:3:      layout_loops_ring, nicolae_dithmenos_through_a_glass_darkly,
          kennysheep_generic_room_4, uniq_grinder
D:4:      layout_basic
D:5:      layout_rooms, serial_shops, nicolae_diamond_shop,
          kennysheep_cross_bottleneck, uniq_pikel
D:6:      layout_basic, elyvilon_altar_5, uniq_menkaure, uniq_edmund

Skill      XL: |  1  2  3  4  5  6  7  8 |
---------------+-------------------------+-----
Stealth        | 2 3 |  3.2
Spellcasting   | 3 4 5 |  5.0
Short Blades   | 1 |  1.9
Dodging        | 3 |  3.5
Fighting       | 1 2 |  2.0
Armour         | 1 2 |  2.6

Action                   |  1- 3 |  4- 6 |  7- 9 || total
-------------------------+-------+-------+-------++-------
Melee: Dagger            |    85 |    59 |     5 ||   149
       Punch             |       |     2 |       ||     2
 Cast: Magic Dart        |    38 |     5 |       ||    43
       Call Imp          |     1 |       |       ||     1
       Freeze            |    11 |    20 |     4 ||    35
       Slow              |       |     3 |     7 ||    10
       Searing Ray       |       |    18 |     3 ||    21
       Blink             |       |     1 |       ||     1
       Conjure Flame     |       |     1 |       ||     1
       Scorch            |       |       |    28 ||    28
  Use: Potion            |       |     2 |       ||     2
 Stab: Sleeping          |     3 |     4 |       ||     7
       Distracted        |       |     1 |       ||     1
Armor: Robe              |    23 |    10 |       ||    33
       Leather armour    |       |     1 |     7 ||     8
Dodge: Dodged            |    56 |    30 |    12 ||    98
